 Dungeon Crawl Stone Soup version 0.22.1 (webtiles) character file.

63 JedernureinKreuz the Conjurer (level 3, -2/26 HPs)
             Began as a Demigod Conjurer on Sept 18, 2018.
             Slain by a hobgoblin (7 damage)
             ... led by Robin
             ... on level 2 of the Dungeon.
             The game lasted 00:04:30 (1111 turns).

JedernureinKreuz the Conjurer (Demigod Conjurer)    Turns: 1111, Time: 00:04:30

Health: -2/26      AC:  4    Str: 11    XL:     3   Next: 61%
Magic:  6/9        EV: 12    Int: 21    God:
Gold:   30         SH:  0    Dex: 16    Spells: 5/6 levels left

rFire    . . .     SeeInvis .   l - +4 short sword
rCold    . . .     Gourm    .   (no shield)
rNeg     . . .     Faith    .   q - +0 leather armour
rPois    .         Spirit   .   (no helmet)
rElec    .         Reflect  .   (no cloak)
rCorr    .         Harm     .   m - +0 pair of gloves
MR       .....                  (no boots)
Stlth    ++........             (no amulet)
HPRegen  0.08/turn              (no ring)
MPRegen  0.11/turn              (no ring)

@: no status effects
A: high mp 1
a: no special abilities


You were on level 2 of the Dungeon.
You were not hungry.

You visited 1 branch of the dungeon, and saw 2 of its levels.

You collected 30 gold pieces.

Inventory:

Hand Weapons
 e - a +0 whip
 i - a +0 dagger
 l - a +4 short sword (weapon)
 r - a +2 dagger of venom
Missiles
 d - 8 poisoned needles
 j - 2 javelins (quivered)
 o - 16 arrows
Armour
 a - a +0 robe
 m - a +0 pair of gloves (worn)
 q - a +0 leather armour (worn)
Scrolls
 b - a scroll of amnesia {unknown}
 g - 2 scrolls of remove curse {unknown}
 h - 2 scrolls of identify {unknown}
 k - a scroll of teleportation {unknown}
 n - a scroll of fear {unknown}
 p - a scroll of noise {unknown}
Potions
 f - a potion of heal wounds {unknown}
Comestibles
 c - 3 rations


   Skills:
 + Level 2.4 Dodging
 + Level 2.5 Stealth
 + Level 2.3 Spellcasting
 + Level 4.0 Conjurations


You had 5 spell levels left.
You knew the following spells:

 Your Spells              Type           Power        Failure   Level  Hunger
a - Magic Dart            Conj           ###.         3%          1    #......

Your spell library contained the following spells:

 Spells                   Type           Power        Failure   Level  Hunger
 Searing Ray              Conj           ###...       5%          2    ##.....
 Dazzling Spray           Conj/Hex       ##....       24%         3    ###....
 Iskenderun's Mystic Bla  Conj           ###.....     34%         4    #####..
 Force Lance              Conj/Tloc      ##......     63%         4    #####..
 Fulminant Prism          Conj/Hex       ##........   63%         4    #####..


Dungeon Overview and Level Annotations

Branches:
Dungeon (2/15)

Annotations:
D:2 Robin


Innate Abilities, Weirdness & Mutations

You have an increased reservoir of magic. (+10% MP)


Message History

You kill the goblin!
The hobgoblin barely misses you. The hobgoblin misses you.
Robin throws the goblin at you! The goblin hits you.
You puncture the goblin!
You kill the goblin!
The hobgoblin completely misses you. The hobgoblin barely misses you.
Robin throws the goblin at you! The goblin hits you with a club.
The goblin closely misses you. The hobgoblin hits you.
You barely miss the goblin. The hobgoblin hits you.
The goblin closely misses you. The goblin barely misses you.
The hobgoblin hits you.
* * * LOW HITPOINT WARNING * * *
You closely miss the goblin. The hobgoblin barely misses you.
The goblin barely misses you. x2; The hobgoblin hits you.
* * * LOW HITPOINT WARNING * * *
You hit the goblin.
The goblin is severely wounded.
The hobgoblin hits you but does no damage.
The goblin closely misses you. x2; The hobgoblin hits you!
You die...

#.....# .# ####.....#
##. ##.. ...... ..
#... ...# .# # #..#
#.##<#.###.
####..######..<.......
...gg..........######
#.####gg######....#
......gg@g.....#......
.......g###....#######
#.#(##### #.#### ..
#.# # #.# #.# #.# #.#
#.#


You could see Robin, 4 hobgoblins and 3 goblins.

Vanquished Creatures
  A worker ant (D:2)
  A dart slug (D:1)
  8 hobgoblins (D:1)
  2 ball pythons (D:1)
  2 bats (D:1)
  A frilled lizard (D:1)
  10 goblins
  7 kobolds (D:1)
  2 rats (D:1)
34 creatures vanquished.

Notes
Turn   | Place    | Note
-------+----------+-------------------------------------------
     0 | D:1      | JedernureinKreuz the Demigod Conjurer began the quest for
                  | the Orb.
     0 | D:1      | Reached XP level 1. HP: 14/14 MP: 5/5
   363 | D:1      | Reached XP level 2. HP: 9/20 MP: 1/7
   940 | D:1      | Reached XP level 3. HP: 23/26 MP: 5/8
  1087 | D:2      | Reached skill level 4 in Conjurations
  1101 | D:2      | Noticed Robin
  1111 | D:2      | Slain by a hobgoblin

Skill      XL: |  1  2  3 |
---------------+----------+-----
Stealth        | 2 |  2.5
Dodging        | 2 |  2.4
Spellcasting   | 2 |  2.3
Conjurations   | 4 |  4.0

Action                   || total
-------------------------++-------
Melee: Whip              ||    20
       Short sword       ||    37
       Dagger            ||     2
 Cast: Magic Dart        ||    27
  Eat: Chunk             ||     1
Armor: Robe              ||     9
       Leather armour    ||     5
Dodge: Dodged            ||    56
